AoeStats
← ARMENIO FULL AGUA

Arena

508977028Analyzed
1v1 RM · 6d ago on Sep 24, 2026· 27m 25s· 2 players
Game mode
Random Map
Map size
Tiny (2 player)
Population
200
Speed
Normal
Resources
Standard
Victory
Conquest
Starting age
Dark Age
Ending age
Imperial Age
RankedLock teamsTeams togetherTeam positionsShared explorationLock speedFull tech treeHidden civsTurbo modeCheats
Victory
Defeat
🇺🇸 Burgundians · United States
1181
+15
🇦🇷 Saxons · Argentina
1161
-15
ARMENIO FULL AGUA
8:39 Loom
10:44 Feudal Age
15:43 Castle Age
13:55 Double-Bit Axe
14:26 Horse Collar
15:21 Scale Mail Armor
15:32 Forging
15:24 Gold Mining
17:01 Bow Saw
19:18 Squires
19:04 Arson
20:25 Heavy Plow
22:57 Wheelbarrow
23:17 Pikeman
Aesriv
7:42 Double-Bit Axe
11:01 Feudal Age
15:45 Castle Age
13:48 Horse Collar
15:25 Forging
15:49 Cavalier
19:38 Scale Barding Armor
24:58 Iron Casting
26:07 Chain Barding Armor
Connection lost

Rejoining the realm…

Still unreachable

The connection could not be restored.

Session expired

The server has moved on; the page needs a fresh start.